AoeStats
← Anton Horvarth

Golden Pit

509863796Analyzed
1v1 RM · 4d ago on Sep 28, 2026· 48m 52s· 2 players
Game mode
Random Map
Map size
Tiny (2 player)
Population
200
Speed
Normal
Resources
Standard
Victory
Conquest
Starting age
Dark Age
Ending age
Imperial Age
RankedLock teamsTeams togetherTeam positionsShared explorationLock speedFull tech treeHidden civsTurbo modeCheats
Victory
Defeat
🇯🇵 Persians · Japan
987
+16
🇩🇪 Bohemians · Germany
978
-16
Anton Horvarth
11:13 Feudal Age
13:46 Loom
16:44 Scale Mail Armor
19:12 Castle Age
18:21 Forging
18:20 Double-Bit Axe
18:33 Horse Collar
21:15 Iron Casting
30:47 Wheelbarrow
29:59 Town Watch
33:35 Bow Saw
33:50 Heavy Plow
33:51 Fletching
37:57 Imperial Age
35:41 Squires
37:24 Chemistry
36:32 Pikeman
37:36 Chain Mail Armor
38:32 Hand Cart
wrx0802
10:31 Feudal Age
8:47 Loom
20:48 Castle Age
19:03 Fletching
19:31 Double-Bit Axe
21:04 Horse Collar
21:20 Gold Mining
25:42 Bow Saw
27:04 Stone Mining
28:00 Heavy Plow
28:39 Gold Shaft Mining
30:03 Wheelbarrow
29:13 Man-at-Arms
32:10 Murder Holes
32:06 Heated Shot
32:37 Ballistics
33:11 Hand Cart
36:57 Imperial Age
35:05 Husbandry
35:15 Bloodlines
34:26 Light Cavalry
35:37 Kamandaran
37:19 Stone Shaft Mining
37:24 Masonry
37:10 Crossbowman
37:56 Thumb Ring
38:07 Citadels
38:47 Bodkin Arrow
38:52 Padded Archer Armor
39:03 Forging
40:13 Crop Rotation
40:47 Two-Man Saw
40:26 Leather Archer Armor
41:44 Chemistry
40:08 Capped Ram
41:43 Iron Casting
41:14 Scale Barding Armor
40:31 Hussar
43:03 Cavalier
46:40 Siege Ram
Connection lost

Rejoining the realm…

Still unreachable

The connection could not be restored.

Session expired

The server has moved on; the page needs a fresh start.